 Dungeon Crawl Stone Soup version 0.24-a0-335-g06ca16a (webtiles) character file.

Game seed: 9821839055896776194

242 silenth the Chucker (level 5, -1/42 HPs)
             Began as a Demonspawn Hunter on May 19, 2019.
             Slain by a leopard gecko skeleton (3 damage)
             ... on level 4 of the Dungeon.
             The game lasted 00:06:12 (4864 turns).

silenth the Chucker (Demonspawn Hunter)             Turns: 4864, Time: 00:06:13

Health: -1/42      AC:  4    Str: 13    XL:     5   Next: 82%
Magic:  0/5        EV: 12    Int: 12    God:
Gold:   146        SH:  0    Dex: 14    Spells: 4/4 levels left

rFire    + . .     SeeInvis .   y - +3 quarterstaff (chaos)
rCold    . . .     Gourm    .   (shield currently unavailable)
rNeg     . . .     Faith    .   b - +1 leather armour
rPois    .         Spirit   +   (no helmet)
rElec    .         Reflect  .   x - scarf {Spirit}
rCorr    +         Harm     .   (no gloves)
MR       +....                  (no boots)
Stlth    ++........             (no amulet)
HPRegen  0.14/turn              g - ring of protection from magic
MPRegen  0.09/turn              j - ring of resist corrosion

@: lethally poisoned (-1 -> -45), slowed, very slow
A: fire resistance 1
a: no special abilities


You were on level 4 of the Dungeon.
You were not hungry.

You visited 1 branch of the dungeon, and saw 4 of its levels.

You collected 146 gold pieces.

Inventory:

Hand Weapons
 a - a +0 quarterstaff
 w - a +0 short sword
 y - a +3 quarterstaff of chaos (weapon)
Missiles
 c - 6 javelins
 d - a throwing net (quivered)
 m - 14 poisoned darts
 u - 2 boomerangs
Armour
 b - a +1 leather armour (worn)
 x - a scarf of spirit shield (worn)
 A - a +0 cloak
Jewellery
 g - a ring of protection from magic (left hand)
 j - a ring of resist corrosion (right hand)
Scrolls
 f - 2 scrolls of enchant armour
 h - a scroll of immolation {unknown}
 k - a scroll of fog {unknown}
 n - 2 scrolls of random uselessness {unknown}
 r - 6 scrolls of remove curse
 v - 2 scrolls of teleportation {unknown}
Potions
 l - a potion of haste
 p - a potion of flight
 s - a potion of agility
 t - a potion of mutation
Comestibles
 e - 7 rations


   Skills:
 + Level 4.0 Fighting
 + Level 4.9 Throwing
 - Level 1.7 Dodging
 - Level 3.0 Stealth


You had 4 spell levels left.
You didn't know any spells.
Your spell library was empty.

Dungeon Overview and Level Annotations

Branches:
Dungeon (4/15)
 Temple: D:4-7

Altars:


Innate Abilities, Weirdness & Mutations

Your flesh is heat resistant. (rF+)


Message History

The orc wizard points at you and mumbles some strange words.
The magic dart hits you.
* * * LOW HITPOINT WARNING * * *
The quokka bites you.
* * * LOW HITPOINT WARNING * * *
The leopard gecko skeleton barely misses you.
The orc wizard hits you but does no damage.
The quokka misses you.
You hit the orc wizard.
You hear a crackling sound.
The orc wizard is heavily wounded.
* * * LOW HITPOINT WARNING * * *
You feel very sick.
The orc wizard hits you with a +2 dagger of venom.
* * * LOW HITPOINT WARNING * * *
You are more poisoned.
The quokka misses you.
The leopard gecko skeleton closely misses you.
The orc wizard closely misses you. The leopard gecko skeleton bites you.
You die...

########
##......##
##........##
#..(.......#
#.@........#
#Zor.......#
#..........#
#..........#
##........##
#.........#
#..........#
#..........#
#..........#


You could see an orc wizard, a quokka and a leopard gecko skeleton.

Vanquished Creatures
  Crazy Yiuf (D:3)
  2 orc wizards (D:3)
  5 adders
  An ooze (D:1)
  3 worms
  2 dart slugs (D:2)
  2 leopard geckos
  6 orcs (D:3)
  6 bats
  5 giant cockroaches
  8 goblins
  11 hobgoblins
  10 jackals (D:2)
  7 kobolds
  A quokka (D:2)
  A ball python (D:2)
  8 frilled lizards
  A jackal skeleton (D:4)
  5 rats
85 creatures vanquished.

Notes
Turn   | Place    | Note
-------+----------+-------------------------------------------
     0 | D:1      | silenth the Demonspawn Hunter began the quest for the Orb.
     0 | D:1      | Reached XP level 1. HP: 16/16 MP: 1/1
   348 | D:1      | Reached skill level 1 in Stealth
   385 | D:1      | Gained mutation: Your flesh is heat resistant. (rF+)
                  | [demonic ancestry]
   385 | D:1      | Reached XP level 2. HP: 19/23 MP: 2/2
  1220 | D:1      | Reached skill level 4 in Throwing
  1440 | D:2      | Reached XP level 3. HP: 28/28 MP: 3/3
  1823 | D:2      | Reached skill level 2 in Stealth
  1851 | D:2      | Reached skill level 3 in Fighting
  2148 | D:2      | Reached XP level 4. HP: 7/35 MP: 4/4
  3119 | D:2      | HP: 3/35 [poisoned by an adder]
  3588 | D:3      | Reached XP level 5. HP: 21/41 MP: 5/5
  4086 | D:3      | Found a runed translucent door.
  4087 | D:3      | Noticed Crazy Yiuf
  4449 | D:3      | Reached skill level 3 in Stealth
  4764 | D:3      | Killed Crazy Yiuf
  4764 | D:3      | Reached skill level 4 in Fighting
  4864 | D:4      | HP: 4/42 [poisoned by an orc wizard]
  4864 | D:4      | Slain by a leopard gecko skeleton

Levels and vault maps discovered:
D:1:      minmay_arrival_five_plusses, layout_basic, minmay_tall_x
D:2:      layout_loops_ring, minmay_pentomino_pile
D:3:      layout_basic, first_ration, uniq_crazy_yiuf_cottage
D:4:      layout_rooms, gammafunk_temple_overflow_pools, serial_rivers,
          chequers_serial_rivers_marsh, chequers_serial_rivers_room_a,
          chequers_serial_rivers_small_a, chequers_serial_rivers_room_a,
          chequers_serial_rivers_small_a, chequers_serial_rivers_micro_c,
          st_stairs_9

Skill      XL: |  1  2  3  4  5 |
---------------+----------------+-----
Stealth        | 1 2 3 |  3.0
Throwing       | 4 |  4.9
Fighting       | 3 4 |  4.0
Dodging        | |  1.7

Action                   |  1- 3 |  4- 6 || total
-------------------------+-------+-------++-------
Melee: Short sword       |   141 |   160 ||   301
       Quarterstaff      |       |    25 ||    25
Throw: Dart              |    17 |    23 ||    40
       Boomerang         |       |     4 ||     4
       Javelin           |       |     3 ||     3
       Throwing net      |       |     1 ||     1
  Use: Scroll            |     2 |     5 ||     7
       Potion            |       |     3 ||     3
 Stab: Sleeping          |     5 |     6 ||    11
  Eat: Chunk             |     4 |     7 ||    11
       Ration            |       |     1 ||     1
Armor: Leather armour    |    42 |    64 ||   106
Dodge: Dodged            |   101 |   191 ||   292

Table legend:
 A = Non-vault XP
 B = Vault XP
 C = Vault XP percentage of total XP
 D = Non-vault monster count
 E = Vault monster count
 F = Vault count percentage of total count
                 A         B        C        D         E       F
            +---------+---------+-------+---------+---------+-------
      Total |     264 |      83 |  23.9 |      76 |       9 |  10.6
            +---------+---------+-------+---------+---------+-------
        D:1 |      28 |      12 |  30.0 |      16 |       4 |  20.0
        D:2 |      96 |      30 |  23.8 |      35 |       4 |  10.3
        D:3 |     139 |      41 |  22.8 |      24 |       1 |   4.0
        D:4 |       1 |       0 |   0.0 |       1 |       0 |   0.0
            +---------+---------+-------+---------+---------+-------
